 Dungeon Crawl Stone Soup version 0.16-a0-2034-ge585701 (webtiles) character file.

9193 Fiveotanaka the Basher (level 11, 0/151 HPs)
             Began as an Ogre Berserker on Nov 10, 2014.
             Was a High Priest of Trog.
             Slain by a red ugly thing (20 damage)
             ... on level 11 of the Dungeon.
             The game lasted 00:42:41 (17516 turns).

Fiveotanaka the Basher (Ogre Berserker)            Turns: 17516, Time: 00:42:43

Health: 0/151      AC:  7    Str: 29    XL:     11   Next: 42%
Magic:  3/3        EV: 16    Int:  6    God:    Trog [*****.]
Gold:   583        SH:  0    Dex: 12    Spells: 0 memorised, 10 levels left

rFire  . . .     SeeInvis +     O - +7 great mace (antimagic)
rCold  . . .     Clarity  .     U - +2 robe {MR+}
rNeg   . . .     SustAb   .     (shield restricted)
rPois  .         Gourm    +     (helmet restricted)
rElec  .         Spirit   .     R - +1 cloak
rCorr  .         Warding  .     (gloves unavailable)
rMut   .         Stasis   .     (boots unavailable)
MR     +++..                    v - amulet of the gourmand
Stlth  ..........               u - ring of see invisible
                                r - ring of protection from magic

@: berserking, very quick, extremely resistant to hostile enchantments,
extremely unstealthy
A: unfitting armour, tough skin 1
a: Burn Spellbooks, Berserk, Trog's Hand, Brothers in Arms, Renounce Religion


You were on level 11 of the Dungeon.
You worshipped Trog.
Trog was extremely pleased with you.
You were hungry.

You visited 2 branches of the dungeon, and saw 12 of its levels.

You collected 583 gold pieces.

Inventory:

Hand weapons
 O - a +7 antimagic great mace (weapon)
Armour
 R - a +1 cloak (worn)
 U - a +2 robe of magic resistance (worn)
Jewellery
 i - an uncursed amulet of guardian spirit
 r - a ring of protection from magic (left hand)
 u - a ring of see invisible (right hand)
 v - an amulet of the gourmand (around neck)
 K - an uncursed ring of magical power
Magical devices
 w - a wand of enslavement (13)
 C - a wand of teleportation (6)
 D - a wand of draining (5)
 L - a wand of polymorph (8)
 M - a wand of digging (17)
 N - a wand of slowing (17)
 V - a wand of magic darts (20)
 X - a wand of fire (7)
 Y - a wand of lightning (4)
Scrolls
 e - a scroll of fog
 f - 3 scrolls of identify
 n - 4 scrolls of teleportation
 o - 2 scrolls of immolation
 p - 2 scrolls of enchant weapon
 t - a scroll of recharging {unknown}
 E - a scroll of magic mapping {unknown}
 G - 2 scrolls of remove curse {unknown}
 Q - 3 scrolls of enchant armour
 T - a scroll of brand weapon {unknown}
Potions
 a - a potion of haste {unknown}
 h - 3 potions of restore abilities
 j - a potion of might {unknown}
 k - 2 potions of agility
 l - 5 potions of flight
 m - a potion of magic
 q - 2 potions of curing
 z - a potion of berserk rage {unknown}
 B - a potion of confusion {unknown}
 F - 2 potions of brilliance
 H - a potion of resistance
 Z - a potion of heal wounds
Comestibles
 b - 5 bread rations
 c - 9 meat rations
 d - 35 fruits
 x - 2 royal jellies
 J - a beef jerky
 W - 3 slices of pizza


   Skills:
 - Level 4.5 Fighting
 - Level 14.0 Maces & Flails
 - Level 1.7 Armour
 + Level 12.4 Dodging


You had 10 spell levels left.
You didn't know any spells.

Dungeon Overview and Level Annotations

Branches:
Dungeon (11/15)            Temple (0/1) D:4            Lair (1/8) D:8
    Orc (0/4) D:11

Altars:
Nemelex Xobeh


Innate Abilities, Weirdness & Mutations

You are too large for most types of armour.
You have tough skin (AC +1).


Message History

There is a stone staircase leading down here.
A red ugly thing comes into view.
A trapdoor spider zombie comes into view.
You barely miss the red ugly thing. The red ugly thing kicks you!
You are engulfed in flames!!
You closely miss the red ugly thing. The red ugly thing kicks you!
You are engulfed in flames!
You hit the red ugly thing.
The red ugly thing is lightly wounded.
The red ugly thing kicks you.
You are engulfed in flames!
* * * LOW HITPOINT WARNING * * *
Read which item? (? for menu, Esc to quit)
Okay, then.
Use which ability? (? or * to list)
A red film seems to cover your vision as you go berserk!
You feel yourself moving faster!
You feel mighty!
You feel quite a bit more hungry. The red ugly thing kicks you!
* * * LOW HITPOINT WARNING * * *
You are engulfed in flames!!
You die...

#'##### ####.##### #.#
>.....# #........###
######'#
......#####...........
#.......
......#............#
#.......
......'.###........#
+....... .....}###
#...>.<..# #.......
......# ######.###
###'#### ......# #.#
#.## ####### #@#
#..### ..# #u# ##....
#.### #Z# ####. ....#
#.# ## ....###### #.#
####### .........# ...
#...... ....####.# ###
+....<. ....# #......
....# #......


You could see a red ugly thing and a trapdoor spider zombie.

Vanquished Creatures
  Erolcha (D:8)
  2 hill giants
  An ugly thing (D:11)
  A spiny frog (Lair:1)
  Joseph (D:7)
  2 komodo dragons (Lair:1)
  A hydra skeleton (D:9)
  2 deep elf magi
  Eustachio (D:8)
  3 hippogriffs
  3 hungry ghosts
  An orc warrior (D:6)
  A water moccasin (D:11)
  2 sky beasts (D:9)
  2 black bears
  3 ice beasts
  6 centaurs
  5 ogres
  3 crocodiles
  4 giant frogs
  2 necrophages
  A big kobold (D:9)
  Blork the orc (D:9)
  A hippogriff zombie (D:9)
  2 scorpions (D:8)
  14 killer bees
  3 goliath beetles
  3 orc priests
  2 hounds
  3 crimson imps
  2 jellies
  13 worker ants
  5 iguanas
  5 orc wizards
  An ogre zombie (D:6)
  A killer bee zombie (D:7)
  5 gnolls
  15 adders
  A green rat (D:8)
  A giant mite (D:5)
  A goliath beetle zombie (D:6)
  4 shadow imps
  4 worms
  An adder zombie (D:6)
  2 orc zombies
  An orc skeleton (D:11)
  5 giant geckos
  24 orcs
  2 ball pythons
  9 goblins
  16 hobgoblins
  20 kobolds
  3 quokkas
  20 bats
  5 giant cockroaches
  2 giant newts
  6 jackals
  A quokka skeleton (D:7)
  17 rats
  13 ballistomycetes
  A plant (D:8)
283 creatures vanquished.

Vanquished Creatures (others)
  11 giant spores
  5 fungi
  2 plants
18 creatures vanquished.

Grand Total: 301 creatures vanquished

Notes
Turn   | Place    | Note
--------------------------------------------------------------
     0 | D:1      | Fiveotanaka, the Ogre Berserker, began the quest for the Orb.
     0 | D:1      | Reached XP level 1. HP: 24/24 MP: 1/1
   125 | D:1      | Reached XP level 2. HP: 18/32 MP: 2/2
   398 | D:1      | Acquired Trog's second power
   731 | D:1      | Reached XP level 3. HP: 40/40 MP: 3/3
  1176 | D:2      | Found a sparkling altar of Nemelex Xobeh.
  1487 | D:2      | Reached skill level 5 in Maces & Flails
  2171 | D:3      | Reached XP level 4. HP: 41/49 MP: 4/4
  2740 | D:4      | Reached skill level 6 in Maces & Flails
  2772 | D:4      | Reached XP level 5. HP: 13/55 MP: 5/5
  3096 | D:4      | Reached skill level 7 in Maces & Flails
  3485 | D:4      | Reached skill level 8 in Maces & Flails
  3485 | D:4      | Reached XP level 6. HP: 50/63 MP: 6/6
  3911 | D:4      | Found a staircase to the Ecumenical Temple.
  4329 | D:5      | Entered Level 5 of the Dungeon
  4425 | D:5      | Noticed a hungry ghost
  4456 | D:5      | Killed a hungry ghost
  4456 | D:5      | Reached skill level 9 in Maces & Flails
  4708 | D:5      | Reached XP level 7. HP: 29/71 MP: 7/7
  5335 | D:5      | Reached skill level 10 in Maces & Flails
  5845 | D:5      | Reached skill level 11 in Maces & Flails
  6096 | D:5      | Reached XP level 8. HP: 51/79 MP: 8/8
  6345 | D:5      | Acquired Trog's third power
  6394 | D:5      | Reached skill level 12 in Maces & Flails
  7917 | D:6      | Reached skill level 13 in Maces & Flails
  8525 | D:6      | Reached skill level 14 in Maces & Flails
  8525 | D:6      | Reached XP level 9. HP: 8/85 MP: 9/9
 10210 | D:7      | Noticed a hill giant
 10224 | D:7      | Killed a hill giant
 10224 | D:7      | Reached skill level 5 in Dodging
 10421 | D:7      | Noticed Joseph
 11246 | D:7      | Killed Joseph
 11590 | D:7      | Reached XP level 10. HP: 63/94 MP: 10/10
 11861 | D:6      | HP: 7/141 [orc warrior/short sword (15)]
 13325 | D:8      | Noticed Eustachio
 13333 | D:8      | Killed Eustachio
 13562 | D:8      | Noticed Erolcha
 13744 | D:8      | Killed Erolcha
 13747 | D:8      | Received a gift from Trog
 13802 | D:8      | Found a staircase to the Lair.
 14058 | Lair:1   | Entered Level 1 of the Lair of Beasts
 14168 | Lair:1   | Reached skill level 10 in Dodging
 14750 | Lair:1   | Noticed a six-headed hydra
 15288 | D:9      | Reached XP level 11. HP: 79/101 MP: 3/11
 15831 | D:9      | Noticed Blork the orc
 15839 | D:9      | Killed Blork the orc
 16211 | D:10     | Entered Level 10 of the Dungeon
 16330 | D:10     | You fall through a shaft!
 16526 | D:11     | Received a gift from Trog
 16829 | D:11     | Noticed a hill giant
 16834 | D:11     | Killed a hill giant
 17241 | D:11     | Found a staircase to the Orcish Mines.
 17516 | D:11     | Slain by a red ugly thing

Action                   |  1- 3 |  4- 6 |  7- 9 | 10-12 || total
-------------------------+-------+-------+-------+-------++-------
Melee: Mace              |   140 |   183 |   525 |   160 ||  1008
       Great mace        |       |       |       |   210 ||   210
Invok: Berserk           |       |       |     2 |     4 ||     6
  Use: Scroll            |     5 |     3 |     4 |     8 ||    20
       Potion            |       |     1 |     1 |     1 ||     3
  Eat: Chunk             |     4 |     6 |    23 |    21 ||    54
       Meat ration       |       |     1 |       |       ||     1
       Bread ration      |       |     1 |     1 |       ||     2
       Fruit             |       |       |       |     2 ||     2
